 Dungeon Crawl Stone Soup version 0.26.1-11-gd32895ea62 (webtiles) character file.

Game seed: 15714563021612142413

6114 Descartes the Grappler (level 10, -2/88 HPs)
             Began as a Troll Chaos Knight on May 13, 2021.
             Was a Plaything of Xom.
             Slain by an orc warrior
             ... wielding a +0 war axe
              (19 damage)
             ... in a bailey.
             The game lasted 00:20:17 (7223 turns).

Descartes the Grappler (Troll Chaos Knight)         Turns: 7223, Time: 00:20:17

Health: -2/88      AC:  5    Str: 23    XL:     10   Next: 58%
Magic:  9/9        EV: 12    Int: 10    God:    Xom [..*...]
Gold:   145        SH:  0    Dex:  9    Spells: 9/9 levels left

rFire    . . .     SeeInvis .     - Unarmed
rCold    . . .     Faith    .   F - +2 kite shield "Fucecw" {Rampage}
rNeg     . . .     Spirit   .   v - +1 swamp dragon scales
rPois    +         Reflect  +   (helmet restricted)
rElec    .         Harm     .   z - +0 cloak
rCorr    .         Rampage  +   (gloves unavailable)
Will     .....                  (boots unavailable)
Stlth    ..........             t - amulet of reflection
HPRegen  0.64/turn              n - +4 ring of evasion
MPRegen  0.11/turn              q - +4 ring of protection

@: confused, corroded
A: large, unfitting armour, claws 3, talons 1, blink, regeneration 1, shaggy fur
1, tough skin 3, wild magic 1, evolution 1
a: Blink, Renounce Religion


You were in a bailey.
You worshipped Xom.
You were a toy of Xom.
You visited 2 branches of the dungeon, and saw 9 of its levels.
You also visited: Bailey.

You collected 411 gold pieces.
You spent 266 gold pieces at shops.

Inventory:

Hand Weapons
 j - a +1 vampiric long sword
 G - a +1 giant spiked club
 H - the +11 mace "Ytaiwei" {vorpal, Stlth+}
   (You found it in a bailey)

   It inflicts extra damage upon your enemies.
   It makes you more stealthy.
Missiles
 b - 164 stones (quivered)
 e - 180 arrows
 k - 81 sling bullets
 o - 25 poisoned darts
 u - 4 boomerangs
 A - 3 boomerangs of dispersal
 B - 26 bolts
Armour
 a - a +2 robe
 v - +1 swamp dragon scales (worn)
 x - a +0 robe of willpower
 z - a +0 cloak (worn)
 F - the +2 kite shield "Fucecw" (worn) {Rampage}
   (You bought it in a shop on level 5 of the Dungeon)

   It bestows one free step when moving towards enemies.
Magical Staves
 l - an uncursed staff of poison {unknown}
 m - an uncursed staff of cold {unknown}
Jewellery
 n - a +4 ring of evasion (left claw)
 q - a +4 ring of protection (right claw)
 t - an amulet of reflection (around neck)
Wands
 d - a wand of flame (35)
 E - a wand of paralysis (18)
 I - a wand of enslavement (9)
Scrolls
 c - 2 scrolls of noise
 f - 3 scrolls of fear
 i - 3 scrolls of enchant armour
 p - 2 scrolls of enchant weapon
 w - 2 scrolls of teleportation
 y - a scroll of blinking
 C - 2 scrolls of remove curse
Potions
 h - 2 potions of mutation
 r - a potion of curing
 s - a potion of degeneration
 D - a potion of haste {unknown}
 J - 2 potions of brilliance {unknown}
 K - a potion of lignification


   Skills:
 - Level 2.4 Fighting
 - Level 1.9 Dodging
 + Level 6.4 Shields
 + Level 12.4 Unarmed Combat
 - Level 5.0 Evocations


You had 9 spell levels left.
You didn't know any spells.
Your spell library contained the following spells:

 Spells                   Type           Power        Failure   Level
 Freeze                   Ice            0%           78%         1
 Frozen Ramparts          Ice            0%           98%         3
 Ozocubu's Armour         Ice            0%           98%         3
 Hailstorm                Conj/Ice       0%           100%        4
 Summon Ice Beast         Ice/Summ       0%           100%        4


Dungeon Overview and Level Annotations

Branches:
Dungeon (8/15)             Temple (1/1) D:5            Lair (0/6) D:8
 Bailey (1/1)

Altars:
Ashenzari
Cheibriados
Dithmenos
Elyvilon
Fedhas
Gozag
Hepliaklqana
Kikubaaqudgha
Makhleb
Nemelex Xobeh
Okawaru
Qazlal
Ru
Sif Muna
Trog
Uskayaw
Vehumet
Wu Jian
Xom
Yredelemnul
Zin
The Shining One

Shops:
D:5 [


Innate Abilities, Weirdness & Mutations

You are too large for most types of armour.
You have claws for hands.
Your natural rate of healing is unusually fast.
You are covered in fur. (AC +1)
You have extremely tough skin. (AC +3)
You have sharp toenails.
You can translocate small distances at will.
Your spells are a little harder to cast, but a little more powerful.
You evolve.


Message History

The orc warrior barely misses you.
Xom makes a sudden noise!
You hear a flourish of trumpets!
Your ice beast hits the rust devil but does no damage.
You closely miss the orc warrior. The rust devil hits you.
* * * LOW HITPOINT WARNING * * *
The rust devil corrodes you!
The orc warrior hits you with a +0 war axe!
* * * LOW HITPOINT WARNING * * *
You barely miss the orc warrior.
You claw the orc warrior, but do no damage.
The orc warrior closely misses you.
The orc warrior hits your ice beast with a +0 hand axe!
Your ice beast hits the rust devil but does no damage.
The rust devil hits you.
* * * LOW HITPOINT WARNING * * *
The rust devil corrodes you!
You miss the orc warrior. Your kick misses the orc warrior.
The orc warrior hits you with a +0 war axe!!
You die...
Xom guffaws!

≈≈≈≈≈≈≈≈.'........_.......)'
≈≈≈≈≈≈≈≈.#.8.))).........8.#
≈≈≈≈≈≈≈≈.#..).)............#
≈≈≈≈≈≈≈≈.#.8.###########.8.#
≈≈≈≈≈≈≈≈.#.....#######.....#
≈≈≈≈≈≈≈≈.#.8...#.....#...8.#
≈≈≈;≈≈;;.#.....#.....#.....#
≈≈≈≈≈≈≈#'####..#..⌠..#..####
≈≈≈≈≈≈≈#..o@#..'.....+..#..)
≈≈≈≈≈≈#..o4#..')))..+..#...
≈≈≈≈≈≈###Y.#####')'#####..#
≈≈≈≈≈ '..#...........#..'
≈≈≈≈ ######≈≈≈≈...≈≈≈≈####
≈≈≈≈≈≈≈≈≈≈...≈≈≈≈≈≈≈≈
≈≈≈≈≈≈≈≈≈≈...≈≈≈≈≈≈≈≈
≈≈≈≈≈≈≈≈≈≈...≈≈≈≈≈≈≈≈
≈≈≈≈≈≈≈≈≈≈...≈≈≈≈≈≈≈≈


You could see a rust devil (summoned), 2 orc warriors and a friendly ice beast
(summoned).

Vanquished Creatures
  An orc knight (Bailey)
  Maurice (D:8)
  Maggie (D:8)
  2 kobold demonologists (Bailey)
  A wyvern (D:5)
  3 wargs (D:8)
  2 water moccasins
  Duvessa (D:5)
  8 orc warriors
  An ice beast (D:7)
  2 sky beasts
  A phantom (D:8)
  5 ogres
  3 centaurs
  A big kobold (D:7)
  3 bullfrogs (D:7)
  Dowan (D:5)
  4 scorpions
  A howler monkey (D:7)
  3 wights (D:8)
  2 electric eels (Bailey)
  2 centaur zombies
  2 hounds
  8 orc priests
  A bullfrog skeleton (D:7)
  A jelly (D:6)
  11 orc wizards
  2 iguanas
  6 worker ants
  4 gnolls (Bailey)
  8 adders
  4 white imps
  3 ufetubi
  An ooze (D:2)
  An adder skeleton (D:7)
  An adder zombie (D:5)
  2 worms
  2 dart slugs (D:2)
  6 leopard geckos
  52 orcs
  3 ball pythons
  5 bats
  3 giant cockroaches
  14 goblins
  13 hobgoblins
  9 jackals
  11 kobolds
  5 quokkas
  4 frilled lizards
  A leopard gecko skeleton (D:7)
  A leopard gecko zombie (D:7)
  9 rats
242 creatures vanquished.

Vanquished Creatures (others)
  A leopard gecko (D:8)
  2 orcs
  4 plants
7 creatures vanquished.

Grand Total: 249 creatures vanquished

Notes
Turn   | Place    | Note
-------+----------+-------------------------------------------
     0 | D:1      | Descartes the Troll Chaos Knight began the quest for the
                  | Orb.
     0 | D:1      | Reached XP level 1. HP: 22/22 MP: 0/0
    92 | D:1      | XOM: divination: magic mapping
   137 | D:1      | Reached XP level 2. HP: 29/29 MP: 1/1
   238 | D:1      | XOM is BORED!
   238 | D:1      | XOM: 3-stop teleportation journey
   240 | D:1      | XOM: 1-stop teleportation journey
   245 | D:1      | Reached skill level 4 in Unarmed Combat
   374 | D:1      | XOM: give mutations
   374 | D:1      | Gained mutation: You are frail. (-10% HP) [Xom's mischief]
   374 | D:1      | Gained mutation: You can translocate small distances at
                  | will. [Xom's mischief]
   379 | D:1      | Reached XP level 3. HP: 32/32 MP: 2/2
   575 | D:1      | XOM: give mutation
   575 | D:1      | Gained mutation: You are very frail. (-20% HP) [Xom's
                  | mischief]
   603 | D:1      | XOM: draining
   741 | D:2      | XOM: 1-stop teleportation journey
   795 | D:2      | XOM: enchant monster (bad)
   810 | D:2      | XOM: swap monsters
   812 | D:2      | XOM: butterfly on damage
   821 | D:2      | Reached skill level 5 in Unarmed Combat
   821 | D:2      | Reached XP level 4. HP: 21/35 MP: 3/3
  1103 | D:2      | XOM: polymorph rat -> orc
  1141 | D:2      | Reached XP level 5. HP: 40/40 MP: 4/4
  1721 | D:3      | Reached skill level 6 in Unarmed Combat
  2092 | D:3      | XOM: draining
  2328 | D:3      | XOM: silly message
  2654 | D:4      | Found an ornate altar of the Wu Jian Council.
  2732 | D:4      | Reached XP level 6. HP: 37/47 MP: 5/5
  2758 | D:4      | XOM: silly message
  2780 | D:4      | Reached skill level 7 in Unarmed Combat
  2873 | D:4      | XOM: 4-stop teleportation journey
  2949 | D:4      | XOM: polymorph quokka -> jackal
  2976 | D:4      | Reached skill level 1 in Evocations
  3136 | D:5      | Entered Level 5 of the Dungeon
  3146 | D:5      | Noticed Duvessa
  3150 | D:5      | XOM: enchant monster (bad)
  3160 | D:5      | Killed Duvessa
  3161 | D:5      | Reached XP level 7. HP: 52/52 MP: 6/6
  3161 | D:5      | Noticed Dowan
  3162 | D:5      | XOM: fog
  3171 | D:5      | XOM: confusion
  3175 | D:5      | Killed Dowan
  3185 | D:5      | Reached skill level 8 in Unarmed Combat
  3209 | D:5      | Noticed a wyvern
  3216 | D:5      | Killed a wyvern
  3277 | D:5      | XOM: give mutations
  3277 | D:5      | Gained mutation: You have sharp toenails. [Xom's mischief]
  3277 | D:5      | Gained mutation: You are extremely frail. (-30% HP) [Xom's
                  | mischief]
  3277 | D:5      | Gained mutation: Scrolls take you a little longer to read.
                  | [Xom's mischief]
  3390 | D:5      | Reached XP level 8. HP: 51/51 MP: 7/7
  3567 | D:5      | Found a staircase to the Ecumenical Temple.
  3586 | Temple   | Entered the Ecumenical Temple
  3695 | Temple   | XOM: scenery: summon butterflies
  3712 | Temple   | XOM is BORED!
  3712 | Temple   | XOM: noise
  3814 | D:5      | XOM: god gift: scroll labelled NISCHE JIAMOTI {god gift}
  3816 | D:5      | Found Wonkiv's Antique Armour Shop.
  3931 | D:5      | XOM is BORED!
  4120 | D:6      | Reached skill level 9 in Unarmed Combat
  4667 | D:6      | XOM: give mutations
  4667 | D:6      | Gained mutation: You evolve. [Xom's grace]
  4667 | D:6      | Lost mutation: You are extremely frail. (-30% HP) [Xom's
                  | grace]
  4667 | D:6      | Gained mutation: You are agile. (Dex +2) [Xom's grace]
  4667 | D:6      | Gained mutation: Your system is resistant to poisons.
                  | (rPois) [Xom's grace]
  4755 | D:6      | XOM: fake destruction
  4834 | D:6      | XOM: noise
  4844 | D:6      | Reached skill level 5 in Evocations
  4862 | D:6      | Reached skill level 10 in Unarmed Combat
  4929 | D:5      | Bought a jewelled kite shield for 266 gold pieces
  4934 | D:5      | Identified the +2 kite shield "Fucecw" {Rampage} (You
                  | bought it in a shop on level 5 of the Dungeon)
  4982 | D:6      | XOM is BORED!
  5237 | D:6      | XOM: draining
  5269 | D:7      | XOM: confusion (+ monsters)
  5276 | D:7      | Reached XP level 9. HP: 56/57 MP: 8/8
  5300 | D:7      | Reached skill level 1 in Shields
  5302 | D:7      | XOM: smoke on damage
  5303 | D:7      | Lost mutation: Scrolls take you a little longer to read.
                  | [potion of mutation]
  5303 | D:7      | Lost mutation: You are very frail. (-20% HP) [potion of
                  | mutation]
  5303 | D:7      | Lost mutation: You are agile. (Dex +2) [potion of mutation]
  5303 | D:7      | Lost mutation: Your system is resistant to poisons. (rPois)
                  | [potion of mutation]
  5303 | D:7      | Gained mutation: Armour fits poorly on your strangely
                  | shaped body. [potion of mutation]
  5303 | D:7      | Gained mutation: Your spells are a little harder to cast,
                  | but a little more powerful. [potion of mutation]
  5303 | D:7      | Lost mutation: You are frail. (-10% HP) [evolution]
  5469 | D:7      | XOM: noise
  5479 | D:7      | XOM: blink monster(s)
  5541 | D:7      | XOM: 4-stop teleportation journey
  5603 | D:7      | Found a broken altar of Ashenzari.
  6022 | D:8      | Noticed Maurice
  6025 | D:8      | XOM: confuse monster(s)
  6029 | D:8      | Killed Maurice
  6030 | D:8      | Reached skill level 11 in Unarmed Combat
  6132 | D:8      | XOM: blink monster(s)
  6156 | D:8      | Noticed Maggie
  6175 | D:8      | Killed Maggie
  6234 | D:8      | XOM: divination: detect items
  6248 | D:8      | Reached XP level 10. HP: 65/87 MP: 9/9
  6261 | D:8      | Found a staircase to the Lair.
  6274 | D:8      | XOM: divination: magic mapping
  6282 | D:8      | Reached skill level 5 in Shields
  6463 | D:8      | Found a flagged portal.
  6475 | Bailey   | Entered a bailey
  6530 | Bailey   | Lost mutation: Armour fits poorly on your strangely shaped
                  | body. [evolution]
  6550 | Bailey   | Found an iron altar of Okawaru.
  6552 | Bailey   | Noticed a rust devil
  6553 | Bailey   | Noticed an orange demon
  6557 | Bailey   | Noticed a soul eater
  6557 | Bailey   | XOM: potion effect (invisibility)
  6569 | Bailey   | XOM: potion effect (invisibility)
  6644 | Bailey   | Noticed an orc knight
  6662 | Bailey   | Reached skill level 12 in Unarmed Combat
  6664 | Bailey   | Killed an orc knight
  6701 | Bailey   | Got a steaming mace
  6839 | Bailey   | Identified the +11 mace "Ytaiwei" {vorpal, Stlth+} (You
                  | found it in a bailey)
  6974 | Bailey   | XOM: noise
  7213 | Bailey   | XOM: 1-stop teleportation journey
  7214 | Bailey   | XOM: summons 1 hostile demon
  7215 | Bailey   | Noticed a rust devil
  7216 | Bailey   | XOM: cast spell 'Summon Ice Beast'
  7220 | Bailey   | XOM: noise
  7223 | Bailey   | Slain by an orc warrior

Illustrated notes

Levels and vault maps discovered:
D:1:      dpeg_arrival_yet_another_circle, layout_basic, roderic_serpentine_path
D:2:      layout_loops_ring
D:3:      layout_basic
D:4:      layout_cave_pools, nzn_wu_jian_council_hall,
          kennysheep_generic_room_12
D:5:      layout_loops_cross, minmay_temple_entry_mist, serial_shops,
          nicolae_shop_overgrown_old_shop, st_stairs_13,
          minmay_fractal_squares_diagonal_5, uniq_duvessa
D:6:      kennysheep_six_static_rooms, layout_cave_pods
D:7:      layout_basic, ashenzari_altar_1
D:8:      layout_gridville, erik_lair_orcish_takeover, basic_altar,
          enter_bailey_2, uniq_maurice, uniq_maggie
Temple:   regret_index_temple_sigil_plot
Bailey:   bailey_axe_of_yendor_kennysheep, bailey

Skill      XL: |  1  2  3  4  5  6  7  8  9 10 |
---------------+-------------------------------+-----
Unarmed Combat | 4 5 6 7 8 10 11 12 | 12.4
Evocations     | 2 3 5 |  5.0
Shields        | 4 6 |  6.4
Fighting       | |  2.4
Dodging        | |  1.9

Action                   |  1- 3 |  4- 6 |  7- 9 | 10-12 || total
-------------------------+-------+-------+-------+-------++-------
Melee: Unarmed           |    78 |   153 |   362 |   144 ||   737
       Punch             |       |     1 |     7 |       ||     8
       Kick              |       |       |    72 |    29 ||   101
 Abil: Blink             |       |       |       |     1 ||     1
  Use: Scroll            |       |     5 |     9 |       ||    14
       Potion            |       |       |     6 |     1 ||     7
 Stab: Sleeping          |       |       |     1 |       ||     1
       Confused          |       |       |     1 |       ||     1
       Invisible         |       |       |       |     4 ||     4
Armor: Robe              |    39 |    43 |    89 |       ||   171
       Skin              |       |       |    20 |       ||    20
       Swamp dragon scal |       |       |     6 |    28 ||    34
Dodge: Dodged            |    67 |    97 |   153 |    34 ||   351
Block: Other             |       |     3 |    37 |       ||    40
       Kite shield       |       |       |   126 |    81 ||   207
       Reflection        |       |       |     3 |       ||     3
